 Dungeon Crawl Stone Soup version 0.29-a0-275-g389c0b56f3 (webtiles) character file.

Game seed: 15207612319222629261

56 spaghetti the Skirmisher (level 3, -6/44 HPs)
             Began as an Ogre Chaos Knight on Mar 12, 2022.
             Was a Plaything of Xom.
             Splashed by a jelly's acid (8 damage)
             ... on level 3 of the Dungeon.
             The game lasted 00:03:22 (1713 turns).

spaghetti the Skirmisher (Ogre Chaos Knight)        Turns: 1713, Time: 00:03:23

Health: -6/44      AC: -8    Str: 18    XL:     3   Next: 97%
Magic:  3/3        EV: 13    Int: 11    God:    Xom [......]
Gold:   100        SH:  0    Dex:  6    Spells: 2/2 levels left

rFire   . . .      SeeInvis .   a - +0 spear (chaos) {polearm}
rCold   . . .      Faith    .   (no shield)
rNeg    . . .      Spirit   .   b - +2 robe
rPois   .          Reflect  .   (helmet restricted)
rElec   .          Harm     .   (no cloak)
rCorr   .          Rampage  .   (gloves unavailable)
Will    .....                   (boots unavailable)
Stlth   +.........              (no amulet)
HPRegen 0.14/turn               l - +4 ring of evasion
MPRegen 0.08/turn               (no ring)

@: corroded, hasted, very quick
A: large, unfitting armour, tough skin 1, clumsy 1, deformed body, dopey 1
a: Renounce Religion


You were on level 3 of the Dungeon.
You worshipped Xom.
You were a very special plaything of Xom.
You visited 1 branch of the dungeon, and saw 3 of its levels.

You collected 100 gold pieces.


Innate Abilities, Weirdness & Mutations

You are too large for most types of armour.
You have tough skin. (AC +1)
You are clumsy. (Dex -2)
Armour fits poorly on your strangely shaped body.
You are dopey. (Int -2)


   Skills:
 + Level 6.3 Fighting
 - Level 3.0 Polearms
 - Level 2.1 Dodging


You had 2 spell levels left.
You didn't know any spells.
Your spell library contained the following spells:

 Spells                   Type           Power      Damage    Failure   Level
 Slow                     Hex            0%         N/A       34%         1
 Confusing Touch          Hex            0%         N/A       71%         3
 Vampiric Draining        Necr           0%         2d6       71%         3

Inventory:

Hand Weapons
 a - a +0 spear of chaos (weapon) {polearm}
Missiles
 h - 7 poisoned darts {throwing}
 i - 97 stones {throwing}
 q - 2 boomerangs {throwing}
Armour
 b - a +2 robe (worn)
 d - a +0 buckler
   (You found it on level 1 of the Dungeon)
Magical Staves
 k - a staff of fire {!astaff}
   (You found it on level 1 of the Dungeon)
Jewellery
 l - a +4 ring of evasion (left hand)
   (You found it on level 1 of the Dungeon)
Wands
 o - a wand of digging (6)
   (You found it on level 3 of the Dungeon)
 p - a wand of flame (18)
   (You took it off a kobold on level 3 of the Dungeon)
Scrolls
 e - 2 scrolls of teleportation {@r4}
 g - 2 scrolls of immolation {!r!r}
Potions
 f - a potion of might
 m - a potion of curing {unknown}
 n - 2 potions of degeneration {unknown}
Miscellaneous
 c - a piece from Xom's chessboard (15/15) (quivered)

Dungeon Overview and Level Annotations

Branches:
Dungeon (3/15)

Altars:
Vehumet
Xom

,*,,,**,*,***,#......# #..)# #.#
,*,,,,,,,,***,#......###...# #.#
,*,*,,>,,,,,,,#...<........# #.##
,*,*******#####.....#####..# #...
,*,,,,,,,,..........# #..######
,*,*******#####.....# #.......#
,,,,,,,,,##........#######.####.#
,,,,,,,,,#.....r{..........# *,*
,,,,,,,,,#.....b@#####*##..#***,*
,,,,,,,,,#.......# #...,,,,*
*,,,,,,,,#.......# #.##*****
,,,,,,,,.#.......# *##.****
*,,,,,,,.........#*####...,,,*
*,,,,,,,.##......##.........,*
*,,,,,,,,*#.................,*
*,,,,,,,,*#........^........,*
******,***#######...........,*


You could see a bat and a rat.


Message History

😕 HP[-5]
You take 5 damage, and now have 36/44 hp.
You puncture the endoplasm!
Lightning courses through the endoplasm!
You kill the endoplasm!
q - 2 boomerangs {throwing}
Things that are here:
a +0 whip {mace}; a +0 leather armour; an orc corpse
Found an escape hatch in the ceiling. 😎 HP[+8]
Your hp is fully restored (44).
A bat comes into view.
A bat is nearby!
You see here a white potion.
n - 2 white potions (gained 1)
The bat closely misses you.
A rat comes into view.
The bat closely misses you.
A jelly and a worm come into view.
The jelly quivers.
The bat barely misses you.
You hit the bat but do no damage.
The bat resists with some effort.
The bat closely misses you. The bat hits you but does no damage.
You hit the bat. The bat barely misses you. The bat attacks as you move away!
The bat barely misses you. The bat hits you but does no damage.
The bat closely misses you.
The jelly jiggles.
There is an escape hatch in the ceiling here.
The bat barely misses you. A mysterious force pulls you upwards.
The hatch slams shut behind you.
Unknown command.
Unknown command.
Done exploring.
Done exploring.
There is a stone staircase leading down here.
You climb downwards.
The ball python hisses angrily.
The goblin shouts!
There is a stone staircase leading up here.
There are monsters nearby!
The goblin barely misses you.
You barely miss the goblin.
The goblin hits you with a +0 club. 😕 HP[-3]
You take 3 damage, and now have 41/44 hp.
You hit the goblin. You burn the goblin.
You kill the goblin!
You see here a +0 club {mace}. 😕 HP[+1]
The rat closely misses you.
You hit the rat. You freeze the rat.
You kill the rat!
You puncture the ball python!
You feel better.
You kill the ball python! 😕 HP[+1]
You see here a +0 club {mace}.
You see here a scroll labelled XOUM HAZELUIB.
A jelly is nearby!
A jelly is nearby! 😎 HP[+1]
Your hp is fully restored (44).
A jelly is nearby!
r - a scroll labelled XOUM HAZELUIB The jelly quivers.
As you read the scroll labelled XOUM HAZELUIB, it crumbles to dust.
You feel aware of your surroundings.
It was a scroll of magic mapping.
Unknown command.
You barely miss the jelly. The jelly barely misses you.
You hit the jelly.
The jelly flickers and vanishes!
Deactivating autopickup; reactivate with Ctrl-A.
Your hands burn!
Something hits you.
You are splashed with acid!
The rat twitches its whiskers. 😮 HP[-11]
You take 11 damage, and now have 33/44 hp.
MASSIVE DAMAGE!! (PAUSE)
You hit something.
Your hands burn!
Something hits you but does no damage. 😮 HP[-2]
You take 2 damage, and now have 31/44 hp.
You puncture something!
Nothing appears to happen.
The acid corrodes you!
Your hands burn!
Something hits you. The acid corrodes you!
You are splashed with acid.
* * * LOW HITPOINT WARNING * * *
😨 HP[-11]
You take 11 damage, and now have 20/44 hp.
MASSIVE DAMAGE!! (PAUSE)
You hit something but do no damage.
Your hands burn!
* * * LOW HITPOINT WARNING * * *
The bat closely misses you. Something hits you.
* * * LOW HITPOINT WARNING * * *
The acid corrodes you!
You are splashed with acid!
* * * LOW HITPOINT WARNING * * *
😱 HP[-14]
You take 14 damage, and now have 6/44 hp.
MASSIVE DAMAGE!! (PAUSE)
You feel yourself speed up. The bat hits you.
* * * LOW HITPOINT WARNING * * *
Something hits you.
* * * LOW HITPOINT WARNING * * *
You are splashed with acid!
You die...
Xom giggles madly!

Skill      XL: |  1  2  3 |
---------------+----------+-----
Fighting       | 5 6 |  6.3
Polearms       | |  3.0
Dodging        | |  2.1

Action                   || total
-------------------------++-------
Melee: Spear             ||   135
       Punch             ||     1
Evoke: Piece from Xom's  ||     1
  Use: Scroll            ||     9
       Potion            ||     1
 Stab: Paralysed         ||     1
Armor: Robe              ||    86
Dodge: Dodged            ||    70

Levels and vault maps discovered:
D:1:      lightli_arrival_statue_moat, layout_basic, basic_ecumenical_altar
D:2:      layout_rooms
D:3:      layout_basic, vehumet_altar_wand_db, nicolae_figureground_sparkle

Notes
Turn   | Place    | Note
-------+----------+-------------------------------------------
     0 | D:1      | spaghetti the Ogre Chaos Knight began the quest for the
                  | Orb.
     0 | D:1      | Reached XP level 1. HP: 24/24 MP: 1/1
     0 | D:1      | magus.rc [v1.9.6]
    40 | D:1      | XOM: potion effect (brilliance)
    41 | D:1      | XOM: potion effect (invisibility)
   130 | D:1      | Reached XP level 2. HP: 23/33 MP: 2/2
   308 | D:1      | Found a faded altar of an unknown god.
   312 | D:1      | Reached skill level 5 in Fighting
   395 | D:1      | XOM: 4-stop teleportation journey
   403 | D:1      | You pick up a book of Debilitation and begin reading...
   403 | D:1      | You add the spells Slow, Vampiric Draining and Confusing
                  | Touch to your library.
   522 | D:1      | XOM: scenery: create altars
   954 | D:2      | Reached XP level 3. HP: 41/42 MP: 3/3
   982 | D:2      | XOM: cloud trail
  1283 | D:2      | Reached skill level 6 in Fighting
  1284 | D:2      | XOM: noise
  1338 | D:2      | XOM: give mutations
  1338 | D:2      | Gained mutation: You are weak. (Str -2) [Xom's mischief]
  1338 | D:2      | Lost mutation: You are weak. (Str -2) [Xom's mischief]
  1338 | D:2      | Gained mutation: Armour fits poorly on your strangely
                  | shaped body. [Xom's mischief]
  1488 | D:3      | Found a radiant altar of Vehumet.
  1545 | D:3      | XOM: give mutations
  1545 | D:3      | Gained mutation: You are dopey. (Int -2) [Xom's mischief]
  1545 | D:3      | Gained mutation: You are clumsy. (Dex -2) [Xom's mischief]
  1712 | D:3      | HP: 6/44 [acid (7)]
  1713 | D:3      | HP: 2/44 [something (3)]
  1713 | D:3      | Splashed by a jelly's acid

Vanquished Creatures
  An adder (D:2)
  A worm (D:2)
  A dart slug (D:1)
  An orc (D:3)
  2 bats
  6 endoplasms
  4 hobgoblins
  A quokka (D:3)
  3 ball pythons
  3 frilled lizards
  7 goblins
  4 kobolds
  7 rats
41 creatures vanquished.

Table legend:
 A = Non-vault XP
 B = Vault XP
 C = Vault XP percentage of total XP
 D = Non-vault monster count
 E = Vault monster count
 F = Vault count percentage of total count
                 A         B        C        D         E       F
            +---------+---------+-------+---------+---------+-------
      Total |      80 |       1 |   1.2 |      40 |       1 |   2.4
            +---------+---------+-------+---------+---------+-------
        D:1 |      33 |       0 |   0.0 |      20 |       0 |   0.0
        D:2 |      28 |       0 |   0.0 |       9 |       0 |   0.0
        D:3 |      19 |       1 |   5.0 |      11 |       1 |   8.3
            +---------+---------+-------+---------+---------+-------

Illustrated notes

Table legend:
 A = Kills in this place as a percentage of kills in entire the game.
 B = Kills by you in this place as a percentage of kills by you in the entire game.
 C = Kills by friends in this place as a percentage of kills by friends in the entire game.
 D = Other kills in this place as a percentage of other kills in the entire game.
 E = Experience gained in this place as a percentage of experience gained in the entire game.
 F = Experience gained in this place divided by the number of levels of this place that you have seen.
                   A       B       C       D       E      F
               +-------+-------+-------+-------+-------+----------------------
         Total | 100.0 | 100.0 |   N/A |   N/A | 100.0 |  27.0
       Dungeon | 100.0 | 100.0 |   N/A |   N/A | 100.0 |  27.0
               +-------+-------+-------+-------+-------+----------------------

Table legend: (Time is in decaauts)
 A = Elapsed time spent in this place.
 B = Non-inter-level travel time spent in this place.
 C = Inter-level travel time spent in this place.
 D = Time resting spent in this place.
 E = Time spent auto-exploring this place.
 F = Levels seen in this place.
 G = Mean time per level.
                   A        B        C        D        E       F      G
               +--------+--------+--------+--------+--------+-----+--------+
         Total |   1706 |   1664 |     42 |      0 |   1312 |   3 |  568.7 |
       Dungeon |   1706 |   1664 |     42 |      0 |   1312 |   3 |  568.7 |
               +--------+--------+--------+--------+--------+-----+--------+

Top non-repeatable levels by time:
     D:1: 945 daAuts
     D:2: 474 daAuts
     D:3: 286 daAuts
